Map: Newkirk Precinct TE (Void)

Players

pUnkOuter

  • Race: Terran Terran
  • League: Diamond
  • Spawn Location: 7:00

Gorod - Winner!

  • Race: Zerg Zerg
  • League: Diamond
  • Spawn Location: 5:00

VOD

Have the link to the VOD?

Description

Time

  • Played on: Dec. 14, 2016, 1:09 p.m.
  • Length: 18:14
Show
View Real Time Build Order
Export as new Build Order

pUnkOuter Terran 

Build Orders: Reaper Expand, MMM Bio 

Get SALT Encoding   

  12  0:01  SCV  
  13  0:13  SCV  
  14  0:19  Supply Depot  
  14  0:25  SCV  
  15  0:40  SCV  
  15  0:41  Barracks  
  16  0:45  Refinery  
  16  0:52  SCV  
  17  1:05  SCV  
  18  1:17  SCV  
  19  1:29  Orbital Command  
  19  1:31  Reaper  
  20  1:45  Command Center  
  20  1:58  SCV  
  21  2:05  Barracks  
  21  2:06  Barracks Reactor  
  21  2:15  SCV  
  22  2:23  Supply Depot  
  22  2:25  Factory  
  22  2:27  SCV  
  23  2:30  Refinery  
  23  2:49  Marine  
  23  3:00  Marine  
  23  3:01  SCV  
  23  3:03  Orbital Command  
  25  3:05  Marine  
  25  3:07  Marine  
  26  3:13  SCV  
  26  3:18  Marine  
  29  3:32  SCV  
  30  3:36  Marine x2  
  30  3:37  Barracks Tech Lab  
  31  3:42  Factory Reactor  
  31  3:47  Starport  
  31  3:48  SCV  
  32  3:50  SCV  
  33  3:58  Stimpack, Marine x3  
  33  4:00  SCV  
  33  4:02  SCV  
  38  4:12  SCV  
  38  4:14  SCV  
  38  4:16  Marine x3  
  43  4:18  Supply Depot  
  43  4:24  SCV  
  43  4:29  SCV  
  45  4:34  Engineering Bay  
  45  4:36  SCV, Factory Reactor  
  45  4:37  Engineering Bay  
  46  4:40  Medivac x2  
  46  4:41  SCV  
  46  4:42  Supply Depot  
  51  4:46  Marine x3  
  54  5:04  SCV x2  
  56  5:08  Terran Infantry Weapons Level 1  
  56  5:09  Terran Infantry Armor Level 1  
  56  5:12  Refinery  
  56  5:14  Supply Depot  
  56  5:16  SCV  
  57  5:21  SCV  
  57  5:23  Marine  
  57  5:24  Marine x2  
  57  5:28  SCV  
  62  5:31  Supply Depot  
  62  5:35  Widow Mine x2  
  62  5:36  SCV  
  62  5:39  Supply Depot  
  62  5:40  SCV, Medivac  
  70  5:43  Supply Depot  
  70  5:47  Marine x3  
  70  5:48  SCV  
  74  5:52  SCV  
  75  6:00  SCV  
  76  6:04  SCV  
  74  6:14  Marine x2  
  74  6:15  Marauder  
  74  6:17  Medivac x2  
  79  6:29  SCV x2  
  79  6:32  Marine  
  80  6:38  Barracks  
  78  6:41  SCV x2  
  78  6:42  Factory Tech Lab  
  78  6:45  Barracks  
  80  6:49  Marine x2  
  80  6:50  Marine  
  83  6:57  Command Center  
  83  6:59  SCV x2  
  85  7:02  Refinery  
  85  7:07  Marine  
  86  7:11  SCV, Marine x2  
  86  7:12  Medivac x2  
  86  7:13  Siege Tank  
  96  7:19  SCV  
  96  7:20  Supply Depot  
  97  7:25  Barracks Reactor  
  97  7:29  Barracks  
  97  7:31  Supply Depot  
  97  7:33  Armory, Marine x5  
  102  7:42  SCV x2, Supply Depot  
  104  7:44  Supply Depot  
  104  7:45  Siege Tank  
  104  7:50  Marine  
  104  7:51  Marine x4  
  107  7:53  Medivac  
  107  7:54  Medivac  
  107  7:55  Barracks  
  114  8:02  Marine  
  114  8:03  Marine  
  115  8:08  Marine x2  
  115  8:11  Orbital Command, Missile Turret  
  115  8:12  SCV x2  
  111  8:27  Marauder, Marine x6  
  111  8:28  Barracks Tech Lab  
  111  8:29  Siege Tank  
  84  9:18  Marauder x2, Marine x5  
  84  9:19  Siege Tank, Barracks Tech Lab  
  84  9:21  Combat Shields  
  84  9:22  Concussive Shells, Medivac  
  84  9:23  Medivac  
  96  9:27  SCV  
  96  9:29  Barracks  
  96  9:31  SCV x2, Barracks  
  99  9:32  Barracks  
  99  9:37  Marine x5  
  99  9:38  Marine  
  105  9:39  Marine x2  
  107  9:51  Siege Tank  
  110  9:52  Medivac x2  
  110  9:55  Marine  
  110  9:57  Marauder  
  117  10:01  Refinery, SCV x2  
  117  10:02  Refinery  
  119  10:16  Marine  
  119  10:17  Marauder, Marine x7  
  129  10:22  Barracks Tech Lab  
  129  10:24  Medivac x2  
  132  10:28  Siege Tank  
  135  10:52  Command Center  
  135  11:06  Liberator x2  
  129  11:19  Marine  
  129  11:20  Marauder x2, Marine x4  
  129  11:22  Siege Tank  
  129  11:24  Marauder x2, Marine  
  149  11:26  Barracks Tech Lab  
  149  11:29  Marine  
  149  11:31  Terran Vehicle Weapons Level 1, Terran Infantry Weapons Level 2  
  149  11:32  Supply Depot  
  145  11:33  Supply Depot  
  145  11:35  Terran Infantry Armor Level 2  
  145  11:37  Marine  
  142  11:42  Marauder, Marine x3  
  142  11:43  Marauder, Marine x2  
  142  11:45  Marine x2  
  147  11:51  Marauder, Marine  
  150  11:55  Marine  
  150  12:00  Marine x5  
  156  12:03  Marauder, Marine  
  156  12:04  Marauder x2  
  151  12:08  Marine  
  151  12:09  Medivac x2  
  151  12:12  Marauder  
  151  12:13  Marine  
  159  12:18  Marine x3  
  159  12:22  Marauder, Marine x2  
  160  12:23  Starport  
  160  12:24  Marine x2  
  160  12:25  Marine  
  160  12:26  Factory, Marine, Command Center  
  164  12:31  Marine  
  137  12:53  Marauder x2, Marine x2  
  137  12:54  SCV x4  
  121  13:03  Marauder x2, Marine x4  
  121  13:04  Marine x2  
  114  13:11  Marine x2  
  116  13:14  Liberator, Marine x2  
  116  13:19  Planetary Fortress  
  118  13:21  Marine x5  
  118  13:22  Marauder  
  118  13:24  Marine  
  118  13:25  Marauder  
  128  13:28  Marine  
  111  14:06  Medivac x2  
  111  14:07  Marauder x2, Marine x5  
  111  14:08  Marine x2  
  108  14:16  Unknown x4  
  94  14:20  Marauder x2, Marine  
  99  14:25  Marine x6  
  99  14:26  Marine  
  99  14:28  Marine x2  
  102  14:37  Marine  
  102  14:41  Marine x2  
  102  14:43  Marine  
  98  14:49  Marauder x2, Marine x6  
  105  14:56  Marauder  
  105  14:59  Marine x2  
  80  15:41  Marine  
  78  16:00  Marine  
  56  16:28  Marauder  
  42  17:23  Marauder x2, Marine  
Show
View Real Time Build Order
Export as new Build Order

Gorod Zerg - Winner!

Build Orders: Hatch First 

Get SALT Encoding   

  12  0:01  Drone  
  13  0:09  Drone  
  14  0:18  Extractor  
  14  0:19  Drone  
  15  0:43  Hatchery  
  15  0:48  Extractor  
  15  0:49  Drone  
  15  1:02  Spawning Pool  
  14  1:04  Extractor  
  14  1:07  Drone  
  14  1:17  Extractor  
  14  1:18  Drone  
  14  1:20  Overlord  
  16  1:38  Drone x2  
  18  1:40  Drone  
  19  1:49  Queen  
  21  1:56  Queen  
  21  1:58  Drone  
  21  2:00  Drone  
  25  2:07  Overlord  
  25  2:10  Drone  
  25  2:13  Drone  
  27  2:20  Drone  
  28  2:25  Overlord  
  28  2:30  Queen  
  30  2:37  Queen  
  32  2:49  Drone  
  32  2:50  Drone x4  
  37  2:57  Drone  
  37  2:58  Drone x2  
  40  3:00  Drone  
  40  3:03  Overlord  
  41  3:11  Drone  
  41  3:12  Drone x2  
  44  3:17  Drone  
  44  3:25  Extractor  
  43  3:38  Extractor, Roach Warren  
  41  3:46  Drone  
  41  3:47  Drone x4  
  46  4:00  Drone  
  46  4:01  Drone  
  48  4:06  Overlord x2  
  48  4:07  Hatchery, Overlord  
  47  4:21  Roach x2  
  47  4:23  Overlord  
  51  4:25  Roach x4  
  59  4:33  Evolution Chamber  
  59  4:35  Evolution Chamber  
  57  4:46  Lair  
  57  4:50  Drone x2  
  59  4:53  Roach x2  
  59  4:56  Drone x2, Extractor  
  59  4:57  Drone  
  59  4:59  Drone  
  66  5:00  Drone  
  66  5:01  Extractor  
  66  5:03  Drone  
  66  5:04  Drone  
  68  5:08  Zerg Missile Weapons Level 1  
  68  5:24  Roach x3  
  68  5:27  Drone  
  68  5:28  Drone x5  
  80  5:38  Zerg Ground Armor Level 1  
  80  5:45  Glial Reconstitution  
  80  5:48  Extractor  
  80  5:49  Drone  
  82  5:50  Drone x8  
  82  5:51  Overlord x4  
  88  5:57  Extractor  
  88  5:59  Overseer  
  87  6:05  Overlord x4  
  81  6:27  Hatchery  
  81  6:29  Drone x4  
  81  6:31  Drone  
  85  6:40  Roach x2  
  85  6:41  Roach x2  
  85  6:43  Hatchery  
  92  6:51  Overlord x2  
  92  7:11  Roach x6  
  92  7:12  Ravager x8  
  92  7:13  Ravager  
  113  7:22  Roach x4  
  121  7:35  Zerg Missile Weapons Level 2  
  121  7:41  Spore Crawler  
  120  7:45  Spore Crawler x3  
  120  7:46  Spore Crawler  
  120  7:47  Roach x4  
  120  7:51  Overseer  
  120  7:56  Roach  
  120  7:57  Roach x2  
  126  8:22  Drone  
  126  8:23  Drone x4  
  131  8:29  Spore Crawler  
  130  8:34  Roach x2  
  130  8:35  Roach, Zerg Ground Armor Level 2  
  130  8:40  Ravager  
  130  8:41  Ravager x6  
  143  8:47  Roach x4  
  151  9:00  Roach x4  
  151  9:01  Roach  
  153  9:35  Drone x7  
  153  9:36  Overlord  
  153  9:37  Overlord x6  
  160  9:44  Infestation Pit, Extractor  
  158  9:46  Drone  
  158  9:47  Drone  
  158  9:48  Extractor  
  159  9:57  Ravager x4  
  159  9:58  Drone x3, Ravager  
  159  9:59  Drone x3  
  170  10:00  Drone x3  
  170  10:07  Drone x2, Ravager x4  
  177  10:08  Drone  
  180  10:26  Drone x3  
  180  10:27  Drone  
  184  10:45  Roach x8  
  184  10:47  Hatchery  
  199  10:52  Ravager  
  199  11:16  Extractor  
  186  11:20  Extractor  
  173  11:42  Roach  
  173  11:43  Roach x12  
  199  11:52  Hive  
  197  12:29  Ravager x2  
  191  12:49  Roach x11  
  185  12:58  Roach x8  
  152  12:59  Roach x8  
  157  13:06  Roach  
  157  13:07  Roach x8  
  157  13:10  Ravager x14  
  187  13:14  Zerg Missile Weapons Level 3, Zerg Ground Armor Level 3  
  187  13:27  Drone  
  187  13:28  Drone x2  
  190  13:37  Spine Crawler  
  190  13:38  Spore Crawler  
  137  15:02  Ravager x9  
  137  15:03  Ravager x2  
  146  15:10  Roach  
  146  15:11  Roach x2  
  151  15:15  Roach x13  
  171  15:28  Roach x12  
  194  15:47  Hatchery  
  193  15:58  Hatchery  
  193  16:00  Overseer x5  
  192  16:07  Drone  
  192  16:08  Drone x2  
  192  16:10  Drone x5  
  190  16:42  Burrow  
  176  17:03  Extractor  
  173  17:13  Spine Crawler  
  173  17:14  Spine Crawler  
  173  17:15  Spine Crawler, Drone x2, Spore Crawler  
  171  17:16  Drone x2, Spore Crawler x2  
  171  17:23  Drone  
  171  17:24  Drone x3  
  175  17:38  Hatchery  
  174  17:58  Hatchery  
Tags
 
Add a new tag
Caveats
  • Supply blocks, unpowered buildings, or Contaminate may cause inaccurate times.
  • Supply counts are checked every 10 seconds.